Map: Orbital Shipyard

Players

aleksander - Winner!

  • Race: Terran Terran
  • League: Diamond

LilDicky

  • Race: Terran Terran
  • League: Platinum

VOD

http://www.twitch.tv/tumescentpie

Description

Time

  • Played on: Nov. 20, 2015, 9:22 a.m.
  • Length: 34:22
Show
View Real Time Build Order
Export as new Build Order

aleksander Terran - Winner!

Build Orders: Liberator Opening, MMM Bio 

Get SALT Encoding   

  12  0:01  SCV  
  13  0:13  SCV  
  14  0:18  Supply Depot  
  14  0:27  SCV  
  15  0:40  SCV  
  16  0:43  Barracks  
  16  0:48  Refinery  
  16  1:00  SCV  
  17  1:13  SCV  
  18  1:27  SCV  
  19  1:34  Supply Depot  
  19  1:35  Reaper  
  19  1:39  Orbital Command  
  20  1:43  Refinery  
  20  2:05  SCV  
  21  2:09  Command Center  
  21  2:18  Factory  
  21  2:22  SCV  
  22  2:36  Supply Depot  
  22  2:43  SCV  
  23  2:44  Marine  
  24  3:04  Factory Reactor, Starport  
  24  3:10  SCV  
  25  3:23  Orbital Command  
  25  3:24  Liberator  
  25  3:25  SCV  
  26  3:27  Supply Depot  
  26  3:35  Engineering Bay  
  26  3:38  Engineering Bay  
  26  3:45  Hellion x2  
  33  4:03  SCV x2  
  33  4:07  Hellion x2  
  39  4:17  Missile Turret x2  
  39  4:21  Liberator  
  39  4:22  SCV  
  39  4:32  Hellion  
  39  4:33  Hellion  
  43  4:45  SCV x2  
  48  4:48  Barracks Tech Lab, Missile Turret  
  48  4:50  Barracks  
  48  4:55  Barracks  
  48  5:05  SCV  
  48  5:06  Terran Infantry Weapons Level 1, Terran Infantry Armor Level 1  
  49  5:19  Stimpack  
  49  5:31  Widow Mine x2, Marine  
  54  5:38  Barracks Reactor  
  54  5:42  Starport Reactor, Barracks, Liberator  
  54  5:43  Barracks  
  54  5:45  Barracks Reactor  
  50  6:02  Widow Mine x2  
  57  6:11  SCV x2  
  58  6:14  Refinery  
  58  6:15  Refinery  
  58  6:17  Supply Depot  
  58  6:18  Supply Depot  
  59  6:23  SCV, Marine x2  
  62  6:28  Supply Depot, Marine x3  
  62  6:32  Armory  
  65  6:37  Missile Turret  
  65  6:58  SCV x2  
  65  6:59  Marine x4  
  65  7:00  Barracks Reactor x2, Marine  
  72  7:08  Command Center  
  72  7:10  SCV x2  
  72  7:11  Factory Tech Lab  
  74  7:22  SCV x2  
  76  7:34  SCV  
  77  7:40  Marine x6  
  77  7:41  Combat Shields  
  77  7:42  Medivac  
  77  7:43  Medivac  
  87  7:45  SCV  
  88  8:05  Siege Tank, Terran Infantry Weapons Level 2  
  88  8:09  SCV x2  
  88  8:11  Supply Depot  
  88  8:12  Terran Infantry Armor Level 2  
  93  8:14  Supply Depot  
  93  8:21  SCV x2  
  95  8:35  Orbital Command  
  95  8:36  Supply Depot  
  85  8:44  Marine  
  85  8:45  Marine x7  
  74  8:54  Marine  
  75  8:56  Medivac x2  
  75  9:02  Marine x2  
  81  9:15  Factory  
  81  9:16  Factory  
  81  9:17  Orbital Command  
  81  9:29  SCV x2  
  81  9:30  Terran Vehicle Weapons Level 1  
  83  9:32  Supply Depot  
  83  9:40  Medivac  
  83  9:41  Marine x4, Medivac  
  83  9:42  Marine x5  
  96  9:50  SCV x2  
  98  9:59  Marine  
  99  10:00  SCV  
  99  10:02  SCV  
  99  10:03  SCV, Marine x3  
  105  10:10  Command Center  
  105  10:16  Marine x4  
  109  10:21  Factory Tech Lab, Siege Tank  
  109  10:22  Factory Tech Lab  
  109  10:27  Refinery x2, Medivac x2  
  116  10:30  Supply Depot  
  116  10:34  Terran Infantry Weapons Level 3  
  114  10:40  Terran Infantry Armor Level 3  
  108  11:07  Siege Tank x2  
  114  11:16  Marine x3  
  114  11:17  Marine x3  
  120  11:22  Planetary Fortress  
  118  11:32  SCV  
  118  11:33  SCV  
  118  11:36  Marine x2  
  121  11:49  Supply Depot  
  121  11:53  SCV x3  
  124  11:59  Siege Tank x2  
  124  12:00  Siege Tank  
  133  12:03  Supply Depot  
  133  12:05  Supply Depot, SCV x2  
  133  12:06  SCV  
  133  12:07  Medivac x2  
  140  12:10  Command Center, Terran Vehicle Weapons Level 2  
  140  12:11  Command Center  
  140  12:35  Marine x6  
  140  12:36  Marine x3  
  149  12:38  Siege Tank  
  149  12:39  Siege Tank  
  149  12:41  Siege Tank  
  155  13:12  Refinery  
  155  13:13  Refinery  
  155  13:14  Marine x7  
  155  13:18  Sensor Tower, Marine x2  
  159  13:25  Siege Tank x3  
  168  13:30  Missile Turret  
  168  13:31  Marine  
  168  13:32  Marine  
  159  13:51  Missile Turret  
  158  13:56  SCV  
  158  13:57  SCV x2, Missile Turret  
  158  13:59  Missile Turret  
  158  14:00  Marine x2  
  147  14:03  Siege Tank x3  
  147  14:05  Medivac x2  
  160  14:10  SCV  
  160  14:11  SCV x5  
  160  14:12  Missile Turret  
  166  14:22  SCV  
  156  14:32  Marine x5  
  156  14:33  Marine x4  
  165  14:50  Marine x6  
  165  14:51  Marine x3  
  153  15:06  Siege Tank x2  
  141  15:07  Marine  
  141  15:08  Marine x6  
  141  15:09  Marine x2  
  147  15:17  Siege Tank  
  144  15:25  Marine x2  
  144  15:26  Marine x6  
  136  15:30  Marine  
  134  15:38  Siege Tank  
  134  15:39  Siege Tank  
  131  15:43  Marine x3  
  131  15:46  Medivac x2  
  126  16:16  Medivac x2  
  130  16:22  Barracks x2  
  130  16:23  Barracks  
  130  16:41  Marine  
  130  16:42  Marine x8  
  130  16:43  Command Center  
  130  16:44  Command Center  
  130  16:46  Medivac x2  
  143  16:59  Marine x2  
  145  17:04  Marine x2  
  127  17:16  Medivac  
  127  17:21  Marine x4  
  127  17:22  Barracks Tech Lab x2, Marine x2  
  128  17:23  Barracks Tech Lab  
  128  17:27  Siege Tank x3  
  129  17:34  Marine  
  129  17:35  Marine  
  131  17:38  Medivac  
  131  17:41  Marine  
  131  17:42  Marine x6  
  131  17:43  Marauder x2  
  131  17:44  Marauder  
  146  17:46  Medivac  
  146  17:48  Orbital Command  
  144  17:59  Siege Tank  
  144  18:01  Marauder  
  143  18:07  Siege Tank x2  
  145  18:30  Marine x3  
  145  18:31  Siege Tank  
  150  18:37  Marine x6  
  147  19:01  Marine x3  
  147  19:02  Marine x7  
  144  19:03  Barracks  
  144  19:04  Siege Tank x3, Barracks x2  
  144  19:05  Barracks  
  145  19:19  Marine x4  
  145  19:20  Marine x4  
  137  19:26  Marine  
  135  19:36  Siege Tank  
  135  19:38  Marine x2  
  131  19:47  Marine x2  
  131  19:48  Marine x2  
  123  19:55  Orbital Command  
  123  20:03  Marine  
  123  20:04  Marine  
  120  20:14  Barracks Tech Lab x2  
  120  20:15  Barracks Tech Lab x2  
  97  20:29  Marine x2  
  97  20:30  Marine x6  
  97  20:31  Marine  
  97  20:32  Siege Tank x3  
  108  20:55  Marine x4  
  92  21:12  Marine x5  
  92  21:13  Marine  
  86  21:22  Barracks  
  86  21:23  Barracks  
  86  21:25  Barracks  
  85  21:27  Barracks  
  85  21:28  Marine  
  75  21:36  Marine x4  
  75  21:37  Marine x2  
  75  21:38  Marine x2  
  79  21:46  Marine  
  79  21:54  Marine x4  
  80  21:55  Orbital Command, Marine x2  
  80  21:56  Marine x2  
  87  22:08  Marine x2  
  86  22:10  Siege Tank x3  
  86  22:11  Marine x2  
  86  22:12  Marine  
  86  22:14  Orbital Command  
  98  22:18  Marine x3  
  98  22:19  Barracks Tech Lab x2, Marine  
  98  22:20  Barracks Tech Lab  
  102  22:28  Marine x3  
  98  22:34  Marine x2  
  98  22:52  Marauder  
  98  22:57  Marine x7  
  112  22:58  Barracks Tech Lab, Marauder  
  112  23:05  Marine  
  92  23:14  Marine  
  87  23:24  Marine x4  
  87  23:25  Marauder x2  
  83  23:28  Marine x2  
  76  23:38  Marine  
  74  23:43  Marine x2  
  74  23:46  Marauder  
  74  23:47  Marine  
  79  23:52  Marine x2  
  79  23:53  Marine x2  
  82  23:55  Marine  
  82  23:56  Marine  
  82  24:01  Marine  
  85  24:08  Marauder  
  85  24:09  Marine  
  87  24:10  Marine  
  89  24:23  Marine x2  
  90  24:27  Marine x2  
  77  24:53  Marine x6  
  81  25:12  Marine x3  
  81  25:13  Marine x3  
  86  25:20  Marine  
  85  25:49  Marine  
  85  26:14  SCV  
  85  26:15  SCV  
  87  26:22  Marine x2  
  84  26:27  SCV x2  
  85  26:46  Orbital Command  
  84  27:13  Viking  
  88  27:24  Viking  
  86  27:46  Factory Tech Lab x2  
  86  27:47  Factory Tech Lab  
  82  28:25  SCV  
  83  28:38  SCV  
  84  28:48  Marine x4  
  84  28:49  Marine x2  
  75  29:12  Marine x5  
  75  29:13  Marine x3  
  83  29:20  Marine x2  
  85  29:30  Marine x3  
  84  29:47  Marine  
  84  30:06  Marine x3  
  65  30:07  Marine x2  
  64  30:16  Marine x2  
  65  30:27  Refinery, Marine  
  65  30:28  Refinery  
  58  31:01  Marine x2  
  58  31:02  Marine x4  
  58  31:03  Marauder  
  61  31:13  Marine  
  61  31:16  Marine  
  63  31:25  Marauder  
  65  31:36  Barracks Tech Lab  
  65  31:46  Marauder  
  67  31:50  Medivac  
  69  31:55  Orbital Command  
  60  32:17  Marauder x2, Orbital Command, Marine x6  
  60  32:18  Marine  
  60  32:20  Medivac  
  73  33:03  Barracks Tech Lab  
  73  33:07  Barracks Tech Lab  
  72  33:35  Siege Tank x3  
  80  33:55  Marine x3  
Show
View Real Time Build Order
Export as new Build Order

LilDicky Terran 

Build Orders: Command Center First (CC), Mech 

Get SALT Encoding   

  12  0:01  SCV  
  13  0:13  SCV  
  14  0:17  Supply Depot  
  14  0:25  SCV  
  15  0:39  SCV  
  16  0:51  SCV  
  17  1:01  Command Center  
  17  1:03  SCV  
  18  1:14  Barracks  
  18  1:21  SCV, Refinery  
  19  1:34  SCV  
  20  1:46  SCV  
  21  1:59  SCV  
  22  2:04  Supply Depot  
  22  2:11  Orbital Command  
  22  2:13  Reaper, Orbital Command  
  23  2:18  Refinery  
  23  2:30  Supply Depot  
  22  2:56  SCV x2  
  22  2:57  Factory  
  24  2:59  Marine  
  25  3:08  SCV  
  25  3:10  SCV  
  26  3:20  SCV  
  26  3:23  SCV  
  26  3:26  Marine  
  29  3:32  SCV  
  30  3:36  SCV  
  30  3:37  Command Center  
  31  3:42  Factory Tech Lab  
  31  3:44  SCV  
  31  3:45  Starport  
  32  3:49  SCV  
  32  3:51  Marine  
  34  3:56  SCV  
  34  4:02  Siege Tank  
  38  4:03  SCV  
  38  4:08  SCV, Refinery x2  
  38  4:09  Marine  
  41  4:15  SCV  
  42  4:17  Supply Depot  
  42  4:20  SCV  
  43  4:25  Viking  
  43  4:27  SCV, Marine  
  47  4:34  Siege Tank  
  50  4:50  Factory  
  50  4:54  SCV  
  50  4:56  Viking  
  53  5:00  Marine  
  53  5:01  SCV  
  53  5:02  Orbital Command  
  53  5:06  SCV  
  56  5:10  Supply Depot  
  49  5:26  Siege Tank  
  51  5:30  Viking  
  53  5:37  SCV x3, Factory  
  56  5:44  Orbital Command  
  56  5:49  SCV  
  57  5:51  SCV  
  58  6:03  SCV  
  59  6:05  Factory Reactor  
  59  6:06  Infernal Pre-Igniter  
  59  6:07  Starport Reactor  
  59  6:10  SCV x2  
  61  6:15  SCV  
  62  6:22  SCV x2  
  64  6:26  Marine  
  64  6:27  SCV, Refinery  
  64  6:28  Factory Reactor  
  64  6:31  Siege Tank  
  64  6:32  Refinery  
  69  6:34  SCV  
  70  6:40  Engineering Bay  
  70  6:43  Marine  
  70  6:44  Viking, Medivac  
  75  6:47  Armory  
  75  6:50  Hellion x2  
  75  6:51  SCV x2  
  75  6:54  Factory  
  81  6:55  SCV  
  82  7:03  SCV x2  
  82  7:07  SCV  
  85  7:12  Starport  
  85  7:16  Supply Depot  
  85  7:30  Supply Depot  
  85  7:35  Terran Vehicle And Ship Armor Level 1  
  85  7:38  SCV, Viking x2, Siege Tank  
  85  7:40  Missile Turret  
  85  7:42  Factory Tech Lab  
  93  7:46  Missile Turret  
  93  7:49  Sensor Tower  
  93  7:52  Hellion x4, Missile Turret  
  93  7:53  Missile Turret x2  
  93  7:54  Missile Turret  
  101  7:58  Supply Depot  
  101  7:59  Missile Turret  
  101  8:02  Missile Turret  
  101  8:04  Starport Tech Lab  
  101  8:06  Drilling Claws  
  101  8:07  Mag-Field Accelerator  
  101  8:12  Armory  
  101  8:15  Supply Depot, Hellion x3  
  107  8:25  Hellion x2  
  111  8:27  Marine  
  111  8:30  Cloaking Field  
  111  8:33  SCV x2  
  114  8:35  SCV  
  114  8:37  Cyclone x2  
  117  8:56  SCV x3  
  117  8:59  Command Center  
  120  9:08  SCV  
  121  9:10  SCV  
  121  9:11  SCV  
  121  9:15  Hellion, Sensor Tower  
  121  9:16  Sensor Tower  
  125  9:31  Terran Vehicle And Ship Armor Level 2  
  125  9:32  Terran Vehicle Weapons Level 1  
  125  9:37  Supply Depot  
  125  9:38  Supply Depot  
  125  9:40  Supply Depot  
  125  9:57  Hi-Sec Auto Tracking  
  125  9:58  Banshee  
  125  9:59  SCV x3, Viking  
  133  10:02  Hellion x2, Siege Tank x2  
  143  10:09  Marine  
  143  10:11  SCV x3  
  136  10:23  SCV, Corvid Reactor  
  136  10:26  SCV, Hellion x4  
  136  10:27  SCV  
  147  10:35  Hellion  
  149  10:41  Raven  
  149  11:09  Hellion x2, Siege Tank x2  
  149  11:10  Viking  
  149  11:11  Viking  
  163  11:12  Orbital Command  
  161  11:33  SCV  
  161  11:34  SCV x2  
  164  11:40  Command Center  
  164  11:43  Terran Vehicle Weapons Level 2, Hellion x2  
  164  11:44  Supply Depot  
  164  11:45  SCV  
  163  11:48  Banshee  
  163  11:53  SCV, Fusion Core  
  163  11:54  SCV  
  168  11:57  SCV, Building Armor  
  169  12:17  Command Center  
  169  12:31  SCV x2  
  169  12:32  SCV  
  169  12:34  Hellion x2, Siege Tank  
  179  12:38  Orbital Command  
  179  12:40  Hellion, Viking x2, Siege Tank  
  179  12:43  Supply Depot x2  
  188  12:46  Command Center  
  188  12:50  Starport x2, Missile Turret  
  188  12:51  Banshee  
  188  12:53  Factory, Missile Turret  
  188  12:54  Factory  
  191  13:00  Planetary Fortress  
  191  13:06  Siege Tank  
  176  13:34  Banshee  
  170  13:49  Planetary Fortress  
  170  13:50  Command Center  
  170  13:52  Hellion x3, Siege Tank x2  
  168  14:12  SCV  
  168  14:13  Command Center, SCV  
  168  14:14  Viking  
  168  14:15  Starport Tech Lab x2  
  168  14:16  Factory Tech Lab x2, Banshee  
  169  14:24  Siege Tank x2  
  169  14:30  SCV x2  
  176  14:56  Siege Tank  
  176  14:59  Banshee  
  161  15:06  Missile Turret  
  161  15:07  Missile Turret x2  
  137  15:28  Missile Turret  
  134  15:30  Hellion x2, Siege Tank x3  
  134  15:31  Hellion  
  149  15:44  SCV x2  
  151  15:53  SCV x2  
  132  16:11  Hellion x2, Siege Tank  
  132  16:12  Hellion, Siege Tank x2  
  132  16:13  Banshee, Siege Tank  
  153  16:26  Missile Turret  
  153  16:43  Refinery  
  153  16:46  Refinery  
  153  16:47  Refinery  
  153  16:49  Refinery  
  153  16:50  Missile Turret  
  152  16:54  Missile Turret  
  119  17:22  SCV  
  109  17:39  SCV x2  
  109  17:40  SCV x2  
  109  17:43  Planetary Fortress  
  106  18:30  Hellion  
  106  18:31  Hellion, Siege Tank  
  113  18:47  Hellion x3, Siege Tank x2  
  125  18:52  Hellion x2  
  129  19:03  Siege Tank  
  129  19:08  Hellion x2, Siege Tank  
  127  19:17  Hellion x2  
  127  19:19  Siege Tank  
  123  19:48  SCV  
  120  20:05  Banshee x2  
  120  20:06  Medivac  
  128  20:10  SCV x2  
  132  20:14  Hellion  
  128  20:29  Hellion x2, Siege Tank x3  
  141  20:40  Orbital Command  
  141  20:42  Orbital Command  
  135  21:08  Siege Tank x2  
  135  21:09  Hellion  
  128  21:13  Orbital Command  
  128  21:16  Terran Vehicle And Ship Armor Level 3, Terran Vehicle Weapons Level 3  
  100  21:34  Hellion x3, Siege Tank  
  109  21:44  Banshee  
  107  21:49  SCV x2  
  109  21:56  Refinery  
  109  21:57  Refinery  
  109  21:59  Hellion  
  111  22:10  Hellion x2, Siege Tank  
  106  22:16  Banshee x2  
  109  22:32  Viking  
  111  22:52  SCV x3  
  111  22:53  SCV x3  
  85  23:30  SCV  
  85  23:31  Hellion x2, Siege Tank x2  
  85  23:32  Hellion  
  76  23:44  Hellion x3  
  77  24:00  Hellion x2  
  78  24:03  Banshee, Siege Tank  
  84  24:10  Refinery x2  
  84  24:15  SCV x2  
  86  24:33  Banshee x2  
  90  24:44  Hellion x6  
  83  24:53  Hellion  
  83  24:54  Hellion  
  84  25:05  Hellion x3, Siege Tank  
  92  25:12  Missile Turret x2  
  85  25:24  Hellion x2, Siege Tank  
  85  25:25  Banshee  
  82  25:44  Orbital Command  
  88  25:50  Hellion x5  
  58  26:56  SCV x3  
  61  27:08  Hellion x3, Siege Tank  
  67  27:09  Hellion, Siege Tank x2  
  78  27:29  SCV x3  
  73  28:05  Hellion x3  
  79  28:06  Hellion x3  
  79  28:08  Hellion x2  
  78  28:17  SCV  
  78  28:18  SCV x2  
  78  28:19  Refinery  
  81  28:21  Refinery  
  81  28:26  Hellion  
  83  28:33  Hellion x3  
  64  29:12  SCV  
  65  29:24  Viking  
  65  29:25  Viking  
  69  29:31  Command Center  
  61  29:58  Hellion  
  61  29:59  Hellion  
  35  30:19  Hellion x4  
  42  30:44  Hellion  
  42  30:45  Hellion x7  
  52  31:24  SCV x2  
  52  31:25  SCV  
  55  31:27  SCV  
  26  33:03  Orbital Command  
  21  33:19  SCV x2  
Tags
 
Add a new tag
Caveats
  • Supply blocks, unpowered buildings, or Contaminate may cause inaccurate times.
  • Supply counts are checked every 10 seconds.